 Dungeon Crawl Stone Soup version 0.26-a0-639-g72c4674329 (webtiles) character file.

Game seed: 14345682406157892306

(classic levelgen) 280879 EnegeticOcto the Severer (level 19, 184/184 HPs)
             Began as a Deep Dwarf Fighter on Sept 28, 2020.
             Was the Champion of Makhleb.
             Quit the game on level 5 of the Depths.
             The game lasted 00:17:53 (16757 turns).

EnegeticOcto the Severer (Deep Dwarf Fighter)      Turns: 16757, Time: 00:17:53

Health: 184/184    AC: 28    Str: 37    XL:     19   Next: 26%
Magic:  14/14      EV: 20    Int: 15    God:    Makhleb [******]
Gold:   403        SH: 15    Dex: 12    Spells: 18/18 levels left

rFire    . . .     SeeInvis +   a - +7 broad axe of Diet Blood {vorpal, rC+ Str+7 Int-3 SInv}
rCold    + . .     Faith    +   c - +0 kite shield
rNeg     + . .     Spirit   .   S - +4 chain mail of Ciowkie {rElec}
rPois    +         Reflect  .   Z - +2 helmet "Ihoox" {Int+4}
rElec    +         Harm     .   A - +2 cloak {rPois}
rCorr    .         Rampage  .   f - +2 pair of gloves
MR       ++...                  (no boots)
Stlth    ..........             F - amulet of Ecwoca Emuon {Faith rPois Str+5 Int+2}
HPRegen  0.00/turn              i - +4 ring of evasion
MPRegen  0.14/turn              (no ring)

@: non-regenerating
A: damage resistance, heal wounds, negative energy resistance 1, sense
surroundings 3, screaming 1, no regeneration
}: 3/15 runes: barnacled, abyssal, gossamer
a: Heal Wounds, Minor Destruction, Lesser Servant of Makhleb, Major Destruction,
Greater Servant of Makhleb, Renounce Religion


You were on level 5 of the Depths.
You worshipped Makhleb.
Makhleb was exalted by your worship.
You visited 7 branches of the dungeon, and saw 33 of its levels.
You visited the Abyss 1 time.
You visited 1 bazaar.
You also visited: Ossuary, Gauntlet and Ice Cave.

You collected 1801 gold pieces.
You spent 1398 gold pieces at shops.

Inventory:

Hand Weapons
 a - the +7 broad axe of Diet Blood (weapon) {vorpal, rC+ Str+7 Int-3 SInv}
   (You bought it in a shop on level 2 of the Orcish Mines)

   It inflicts extra damage upon your enemies.
   It affects your strength (+7).
   It affects your intelligence (-3).
   It protects you from cold.
   It lets you see invisible.
 t - a +4 war axe of draining
 E - the +10 executioner's axe of Huan Utu {drain, rN+ Str-4 Dex+4}
   (You acquired it on level 8 of the Dungeon)

   A truly terrible weapon, it drains the life of those it strikes.
   It affects your strength (-4).
   It affects your dexterity (+4).
   It protects you from negative energy.
 N - a +2 dagger of distortion
Missiles
 e - 10 throwing nets (quivered)
Armour
 c - a +0 kite shield (worn)
 f - a +2 pair of gloves (worn)
 A - a +2 cloak of poison resistance (worn)
 S - the +4 chain mail of Ciowkie (worn) {rElec}
   (You bought it in a shop on level 1 of the Orcish Mines)

   It insulates you from electricity.
 Z - the +2 helmet "Ihoox" (worn) {Int+4}
   (You found it in a Gauntlet)

   It affects your intelligence (+4).
Jewellery
 i - a +4 ring of evasion (left hand)
 F - the amulet of Ecwoca Emuon (around neck) {Faith rPois Str+5 Int+2}
   (You acquired it on level 10 of the Dungeon)

   [amulet of faith]

   It allows you to gain divine favour quickly.
   It affects your strength (+5).
   It affects your intelligence (+2).
   It protects you from poison.
 H - an uncursed ring of ice {unknown}
 J - a +4 ring of protection {unknown}
 L - an uncursed ring of resist corrosion
 M - an uncursed amulet of faith {unknown}
Wands
 b - a wand of polymorph (11)
 k - a wand of disintegration (47)
 p - a wand of paralysis (25)
 r - a wand of enslavement (23)
 C - a wand of digging (1) {@v3}
 T - a wand of iceblast (32) {@v2}
Scrolls
 g - 6 scrolls of identify {@r1}
 h - 13 scrolls of remove curse {@r2}
 j - 7 scrolls of blinking
 l - 5 scrolls of fear
 m - 7 scrolls of enchant weapon
 n - 3 scrolls of teleportation {@r3}
 w - 3 scrolls of fog
 y - 4 scrolls of magic mapping {@r5}
 D - 2 scrolls of vulnerability
 K - a scroll of immolation {@r4}
Potions
 d - 3 potions of might {@q3}
 o - 3 potions of ambrosia
 q - 4 potions of mutation
 s - 3 potions of heal wounds {@q2}
 u - 6 potions of curing {@q1}
 v - 3 potions of haste {@q4}
 x - 2 potions of stabbing {@q5}
 z - 2 potions of flight
 B - 3 potions of lignification {@q7}
 I - a potion of invisibility
 V - 3 potions of cancellation
 Y - a potion of magic
Miscellaneous
 G - a phantom mirror
 O - a condenser vane (2/2)
 P - a tin of tremorstones (3/3)
 Q - a box of beasts (3/3)


   Skills:
 * Level 14.9 Fighting
 - Level 18.0 Axes
 + Level 15.5 Armour
 + Level 13.7 Dodging
 + Level 13.6 Shields
 + Level 16.2 Invocations
 - Level 10.0 Evocations


You had 18 spell levels left.
You didn't know any spells.
Your spell library was empty.

Dungeon Overview and Level Annotations

Branches:
Dungeon (15/15)            Temple (1/1) D:7            Lair (3/6) D:11
 Shoals (4/4) Lair:3       Spider (4/4) Lair:2          Orc (2/2) D:12
    Elf (0/3) Orc:2        Depths (4/5) D:15        Ossuary (visited)
  IceCv (visited)         Gauntlet (visited)
 Vaults: D:13-14

Altars:
Dithmenos
Elyvilon
Fedhas
Gozag
Kikubaaqudgha
Makhleb
Nemelex Xobeh
Qazlal
Xom
Yredelemnul
The Shining One
Beogh

Shops:
D:11 :   Orc:1 [   Orc:2 !=*((   Shoals:4 *   Depths:5 [

Portals:
Hell: Depths:4

Annotations:
D:5 1 exclusion
D:9 1 runed translucent door
D:10 2 exclusions
D:11 3 runed translucent doors, Motudghuy's ghost, journeyman DsGl


Innate Abilities, Weirdness & Mutations

You are resistant to damage.
You can heal yourself by infusing magical energy.
You resist negative energy. (rN+)
You passively map a large area around you.
You do not regenerate.
You occasionally shout uncontrollably at your foes.


Message History

a +2 battleaxe of freezing; a frost giant corpse You see here a runed plate armour.
Found a gateway to Hell.
No target in view!
No target in view!
No target in view!
No target in view!
No target in view!
No target in view!
No target in view!
No target in view!
No target in view!
No target in view!
No target in view!
No target in view!
No target in view!
Found a stone staircase leading up.
b - a wand of polymorph (11) (gained 6 charges)
Found a stone staircase leading down.
y - 4 scrolls of magic mapping {@r5} (gained 1)
Found a chain mail.
A yaktaur comes into view.
The yaktaur shouts!
A yaktaur comes into view.
The yaktaur wields a +0 arbalest.
The yaktaur shoots a bolt.
The bolt completely misses you.
You see here a bolt.
There are monsters nearby!
A yaktaur comes into view.
The yaktaur shouts! x2
A stone giant comes into view.
The yaktaur shoots a bolt.
You block the bolt.
The stone giant shouts!
The stone giant throws a large rock.
The large rock completely misses you.
You fall into a shaft and drop 1 floor!
The shaft crumbles and collapses.
Found 25 gold pieces, 23 stones, a thin beryl amulet and a flail.
Found Ynadiyso's Antique Armour Boutique.
A tengu warrior comes into view. It is wielding a +1 great mace.
You slash the tengu warrior!
The tengu warrior is moderately wounded.
You slash the tengu warrior!
The tengu warrior is severely wounded.
The tengu warrior barely misses you. The tengu warrior misses you.
You block the tengu warrior's attack.
You slash the tengu warrior!
The tengu warrior is almost dead.
You carve the tengu warrior like a ham!!!
You kill the tengu warrior!
Makhleb accepts your kill.
You feel better.
No target in view!
No target in view!
No target in view!
No target in view!
No target in view!
No target in view!
No target in view!
No target in view!
No target in view!
No target in view!
No target in view!
M - a thin beryl amulet
There is an entrance to Ynadiyso's Antique Armour Boutique here.
You now have 403 gold pieces (gained 25).
Things that are here:
a +1 great mace; a +0 leather armour You open the door.
There is an open door here.
A floating eye comes into view.
You shout at the floating eye!
The floating eye turns its gaze towards you.
You hear a shout! x3
A vault guard comes into view. It is wielding a +3 great mace.
The floating eye's stare focuses on you.
You slice the floating eye!!
You kill the floating eye!
Makhleb accepts your kill.
The vault guard hits you but does no damage.
You barely miss the vault guard.
The vault guard hits you but does no damage.
You hit the vault guard.
The vault guard is lightly wounded.
You completely miss the vault guard.
The vault guard is lightly wounded.
You block the vault guard's attack.
You closely miss the vault guard.
The vault guard is lightly wounded.
You slice the vault guard!!
The vault guard is heavily wounded.
The vault guard closely misses you.
You slash the vault guard!
The vault guard is severely wounded.
You cut the vault guard into ribbons!!!
You kill the vault guard!
Makhleb accepts your kill.
No target in view!
No target in view!
No target in view!
Are you sure you want to abandon this character and quit the game? (Confirm with "yes".)

≈ #### * , .... , *
, * #∩.###, #....,
, , *
*∩**#...(##+#.....*
, + *
#..).'........, *
#)..##.....#. , +*
, ###+#.....#... ,
* ,,##........#.≈≈.
, +#........#.≈≈≈.
, ,.......@....≈≈≈.
,, ,
.......)........ *,
, #.......#.....##*
,,, .......#.....##
, ,,
,,##.....,.....# ,,
....... .##### , ,
.##.... .+ , ,
.....,.# , *, , * ,


There were no monsters in sight!

Vanquished Creatures
  An ancient lich (Depths:1)
  A bone dragon (Abyss:4)
  A lich (Abyss:4)
  2 deep elf blademasters (Abyss:5)
  Polyphemus (Shoals:2)
  Frances (Shoals:2)
  6 tentacled starspawn
  2 krakens (Shoals:4)
  2 thorn hunters (Abyss:5)
  2 tengu reavers (Abyss:5)
  Ilsuiw (Shoals:3)
  5 shadow dragons (Depths:1)
  Donald (Shoals:2)
  A frost giant (Depths:4)
  3 fire giants
  4 ghost moths
  Aizul (Shoals:4)
  5 emperor scorpions
  An ophan (Abyss:4)
  10 very ugly things
  3 stone giants
  4 vampire knights (Depths:1)
  2 entropy weavers (Spider:1)
  Azrael (D:14)
  A minotaur (Gauntlet)
  3 spark wasps
  2 green deaths
  2 jiangshi (Depths:1)
  4 merfolk javelineers
  3 merfolk impalers (Shoals:4)
  A deep elf death mage (Depths:1)
  A yaktaur captain (Depths:4)
  2 fire dragons
  A vault guard (Depths:5)
  Harold (D:8)
  5 rakshasas
  5 hydras
  A catoblepas (Shoals:2)
  2 death knights
  2 centaur warriors
  A satyr (Abyss:5)
  A shambling mangrove (Abyss:5)
  7 ogre magi
  A vampire mage (Depths:1)
  A merfolk aquamancer (Shoals:4)
  12 thrashing horrors
  29 two-headed ogres
  3 deep troll shamans (Depths:1)
  A deep troll earth mage (Depths:1)
  3 tengu warriors
  Urug (Orc:2)
  3 hell hogs (Abyss:5)
  6 death yaks
  4 wretched stars
  11 skeletal warriors (Depths:1)
  A sun demon (Abyss:4)
  A shadow wraith (Depths:1)
  A titan skeleton (Depths:4)
  A spatial maelstrom (Abyss:5)
  A death drake (Abyss:5)
  4 sea snakes
  2 sixfirhies
  3 unseen horrors
  A glowing orange brain (Abyss:4)
  Pikel (D:6)
  10 harpies
  A deep elf mage (D:15)
  10 orb spiders
  A sphinx zombie (Depths:4)
  5 necromancers
  3 orc knights
  2 orc sorcerers
  3 cyclopes
  5 manticores
  2 fauns (Shoals:3)
  26 wolf spiders
  A moth of wrath (shapeshifter) (Abyss:4)
  22 ugly things
  A moth of wrath (Spider:2)
  8 worldbinders
  7 merfolk sirens
  A black mamba (Lair:3)
  A spriggan zombie (Depths:1)
  An apocalypse crab (Abyss:4)
  A guardian serpent (Abyss:4)
  6 smoke demons
  4 water nymphs
  A centaur skeleton (D:15)
  2 cane toads
  2 torpor snails
  2 komodo dragons
  A tormentor (Abyss:5)
  A freezing wraith (Abyss:4)
  5 yaktaurs (Depths:2)
  9 demonic crawlers
  2 trolls
  7 ancient zymes
  11 merfolk
  4 raiju (Abyss:4)
  3 meliai (Spider:4)
  A sphinx simulacrum (Depths:4)
  17 jumping spiders
  2 wind drakes (Shoals:4)
  10 hornets
  A dream sheep (shapeshifter) (Abyss:4)
  9 slime creatures
  5 snapping turtles
  A blink frog (Abyss:4)
  7 hippogriffs
  A shadow (Abyss:4)
  Sigmund (D:5)
  8 small abominations
  A redback (shapeshifter) (Depths:1)
  7 water elementals
  A tarantella (shapeshifter) (Depths:2)
  A wyvern (D:12)
  61 redbacks
  28 tarantellas
  2 ynoxinuls
  2 wraiths
  A yak (shapeshifter) (Abyss:4)
  4 basilisks
  15 vampire mosquitoes
  6 chaos spawn
  27 yaks
  Grum (D:9)
  A steam dragon (D:11)
  4 wargs
  9 large abominations
  A soldier ant (D:15)
  An acid dragon (D:12)
  4 water moccasins
  5 porcupines
  A floating eye (Depths:5)
  5 sky beasts
  8 hell hounds
  17 orc warriors
  2 eyes of draining
  8 ice beasts
  A black bear (D:11)
  A necrophage (D:7)
  7 wolves
  33 ogres
  5 phantoms
  10 centaurs
  3 lemures (D:6)
  2 crocodiles (Lair:2)
  2 elf zombies
  15 bullfrogs
  2 gnoll sergeants
  A wyvern zombie (D:6)
  3 scorpions
  A water moccasin skeleton (D:8)
  11 killer bees
  3 wights (D:8)
  3 electric eels
  2 howler monkeys (D:6)
  5 starcursed masses (Abyss:4)
  A bullfrog zombie (D:5)
  6 centaur zombies
  4 hounds
  6 jellies
  A gnoll shaman (D:10)
  12 orc priests
  2 hounds (shapeshifter) (Abyss:4)
  2 bullfrog skeletons
  13 orc wizards
  A human skeleton (D:5)
  2 iguanas
  17 worker ants
  2 big kobold zombies (Ossuary)
  2 hound skeletons (D:4)
  2 worker ant zombies (D:6)
  2 mummies (Ossuary)
  2 gnolls (shapeshifter) (Abyss:4)
  31 gnolls
  9 adders
  3 river rats (shapeshifter) (Abyss:4)
  4 white imps
  5 ufetubi
  2 oozes (D:1)
  3 adder zombies (Ossuary)
  2 adder skeletons (D:4)
  A worm (shapeshifter) (Abyss:4)
  A worm (D:2)
  A dart slug (D:1)
  A leopard gecko (shapeshifter) (Abyss:4)
  3 leopard geckos
  39 orcs
  2 giant cockroaches
  4 goblins
  A hobgoblin (shapeshifter) (Abyss:4)
  3 hobgoblins
  21 jackals
  3 quokkas (shapeshifter) (Abyss:4)
  2 quokkas
  3 bats (shapeshifter) (Abyss:4)
  3 bats
  A frilled lizard (D:3)
  A frilled lizard (shapeshifter) (Abyss:4)
  A goblin zombie (Ossuary)
  11 hobgoblin zombies (Ossuary)
  A jackal zombie (Ossuary)
  3 kobolds (D:1)
  5 kobold zombies (Ossuary)
  A leopard gecko skeleton (D:6)
  An orc skeleton (D:5)
  11 orc zombies
  A quokka skeleton (D:7)
  A rat (shapeshifter) (Abyss:4)
  3 rats
  2 rat zombies (Ossuary)
  2 bushes (D:12)
  A crawling corpse (Depths:1)
  2 lurking horrors
  6 starspawn tentacles
  4 tentacles (Shoals:4)
1046 creatures vanquished.

Vanquished Creatures (collateral kills)
  A hydra (D:14)
  2 satyrs
  A tengu warrior (D:14)
  A sea snake (Shoals:4)
  A harpy (Shoals:3)
  A wolf spider (Spider:4)
  A faun (Shoals:3)
  A merfolk siren (Shoals:3)
  A water nymph (Shoals:4)
  4 merfolk (Shoals:4)
  A jumping spider (Spider:4)
  A redback (Spider:4)
  A tarantella (Spider:4)
17 creatures vanquished.

Vanquished Creatures (others)
  2 orc wizards (D:4)
  An ufetubus (IceCv)
  An orc (Orc:2)
  2 briar patches (Abyss:5)
  5 demonic plants
  9 fungi
  A lurking horror (Abyss:4)
  32 plants
  10 starspawn tentacles
  9 tentacles (Shoals:4)
72 creatures vanquished.

Grand Total: 1135 creatures vanquished

Notes
Turn   | Place    | Note
-------+----------+-------------------------------------------
     0 | D:1      | EnegeticOcto the Deep Dwarf Fighter began the quest for the
                  | Orb.
     0 | D:1      | Reached XP level 1. HP: 20/20 MP: 1/1
   109 | D:1      | Reached XP level 2. HP: 21/27 MP: 2/2
   468 | D:3      | Reached skill level 3 in Axes
   500 | D:3      | Found a shadowy altar of Dithmenos.
   506 | D:3      | Reached XP level 3. HP: 30/33 MP: 3/3
   776 | D:3      | Found a glowing golden altar of the Shining One.
   883 | D:3      | Reached XP level 4. HP: 35/42 MP: 4/4
   932 | D:4      | Reached skill level 4 in Axes
   999 | D:4      | Reached XP level 5. HP: 34/49 MP: 5/5
  1075 | D:4      | Found a sparkling altar of Nemelex Xobeh.
  1099 | D:4      | Noticed an orc warrior
  1106 | D:4      | Reached XP level 6. HP: 56/56 MP: 6/6
  1130 | D:4      | HP: 2/56 [orc warrior/boomerang (15)]
  1144 | D:4      | Killed an orc warrior
  1144 | D:4      | Reached skill level 5 in Axes
  1231 | D:4      | Reached XP level 7. HP: 42/64 MP: 7/7
  1682 | D:5      | Entered Level 5 of the Dungeon
  1739 | D:5      | Reached skill level 5 in Armour
  1739 | D:5      | Reached skill level 5 in Shields
  1900 | D:5      | Noticed Sigmund
  1913 | D:5      | Killed Sigmund
  1913 | D:5      | Reached skill level 6 in Axes
  2073 | D:5      | Found a sand-covered staircase.
  2100 | Ossuary  | Entered an ossuary
  2185 | Ossuary  | Reached XP level 8. HP: 46/73 MP: 8/8
  2437 | D:6      | Reached skill level 7 in Axes
  2543 | D:6      | Reached skill level 5 in Fighting
  2677 | D:6      | Noticed Pikel
  2700 | D:6      | Killed Pikel
  2700 | D:6      | Reached skill level 8 in Axes
  2700 | D:6      | Gained mutation: You passively map the area around you.
                  | [Deep Dwarf growth]
  2700 | D:6      | Reached XP level 9. HP: 62/81 MP: 7/7
  2773 | D:6      | Found a stormy altar of Qazlal.
  3059 | D:7      | Reached skill level 9 in Axes
  3148 | D:7      | Found a shimmering altar of Xom.
  3215 | D:7      | Found a staircase to the Ecumenical Temple.
  3357 | Temple   | Entered the Ecumenical Temple
  3383 | Temple   | Became a worshipper of Makhleb the Destroyer
  3500 | D:7      | Found a white marble altar of Elyvilon.
  3743 | D:8      | Reached skill level 1 in Invocations
  3768 | D:8      | Noticed Harold
  3803 | D:8      | Reached skill level 10 in Axes
  3808 | D:8      | Killed Harold
  3808 | D:8      | Reached XP level 10. HP: 51/92 MP: 1/7
  3959 | D:8      | Noticed a two-headed ogre
  3984 | D:8      | Killed a two-headed ogre
  4323 | D:8      | Reached * piety under Makhleb
  4776 | D:8      | Identified a scroll of acquirement
  4776 | D:8      | Acquired the +10 executioner's axe of Huan Utu {drain, rN+
                  | Str-4 Dex+4}
  4936 | D:9      | Noticed Grum
  4947 | D:9      | Killed Grum
  4947 | D:9      | Reached skill level 11 in Axes
  4947 | D:9      | Reached skill level 1 in Dodging
  5419 | D:9      | Found a runed translucent door.
  5420 | D:9      | Noticed a sixfirhy
  5602 | D:10     | Entered Level 10 of the Dungeon
  5605 | D:10     | Reached ** piety under Makhleb
  5690 | D:10     | Reached skill level 5 in Invocations
  5722 | D:10     | Reached XP level 11. HP: 73/100 MP: 5/5
  5942 | D:10     | Killed an unseen horror
  5969 | D:10     | Acquired the amulet of Ecwoca Emuon {Faith rPois Str+5
                  | Int+2}
  6278 | D:11     | Noticed a green ugly thing
  6287 | D:11     | Killed a green ugly thing
  6287 | D:11     | Reached skill level 12 in Axes
  6331 | D:11     | Noticed a green ugly thing
  6339 | D:11     | Killed a green ugly thing
  6342 | D:11     | Got a coiled copper ring
  6343 | D:11     | Identified the ring of the Chupacabra {rPois Str+3 Int+4
                  | Dex+6} (You found it on level 11 of the Dungeon)
  6355 | D:11     | Found a staircase to the Lair.
  6356 | D:11     | Reached *** piety under Makhleb
  6503 | D:11     | Found a runed translucent gate.
  6577 | D:11     | Found a runed translucent gate.
  6578 | D:11     | Found a runed translucent gate.
  6579 | D:11     | Noticed a purple ugly thing
  6579 | D:11     | Noticed a brown ugly thing
  6579 | D:11     | Noticed a purple very ugly thing
  6579 | D:11     | Noticed a purple ugly thing
  6579 | D:11     | Noticed a brown ugly thing
  6580 | D:11     | Noticed a purple ugly thing
  6685 | D:11     | Found Pize's Book Shop.
  6923 | D:11     | Killed a purple very ugly thing
  6934 | D:11     | Killed a cyan ugly thing
  6938 | D:11     | Killed a white ugly thing
  6940 | D:11     | Killed a green ugly thing
  6941 | D:11     | Killed a purple ugly thing
  6941 | D:11     | Reached skill level 5 in Dodging
  6943 | D:11     | Killed a purple ugly thing
  6945 | D:11     | Found a runed translucent gate.
  6945 | D:11     | Found a runed translucent gate.
  6949 | D:11     | Noticed Motudghuy's ghost (journeyman DsGl)
  6950 | D:11     | Found a runed translucent gate.
  6950 | D:11     | Noticed a shining eye
  6950 | D:11     | Noticed a harpy
  6951 | D:11     | Noticed a glowing orange brain
  6951 | D:11     | a shining eye changed into a glowing orange brain
  6952 | D:11     | Noticed a sea snake
  6952 | D:11     | a glowing orange brain changed into a sea snake
  6953 | D:11     | a harpy changed into something unseen
  6991 | D:12     | Noticed a white ugly thing
  6998 | D:12     | Killed a white ugly thing
  6998 | D:12     | Reached XP level 12. HP: 112/112 MP: 4/4
  7091 | D:12     | Reached skill level 13 in Axes
  7109 | D:12     | Found a blossoming altar of Fedhas.
  7126 | D:12     | Noticed a two-headed ogre
  7129 | D:12     | Reached **** piety under Makhleb
  7133 | D:12     | Killed a two-headed ogre
  7165 | D:12     | Reached skill level 10 in Armour
  7336 | D:12     | Found a staircase to the Orcish Mines.
  7371 | D:12     | Noticed a tengu warrior
  7388 | D:12     | Killed a tengu warrior
  7970 | D:12     | Identified the cursed +0 great mace "Ifoveah" {vorpal,
                  | rElec rPois Int+3}
  8054 | D:12     | Noticed a centaur warrior
  8054 | D:12     | Noticed a fire dragon
  8071 | D:12     | Killed a centaur warrior
  8080 | D:12     | Killed a fire dragon
  8080 | D:12     | Reached skill level 14 in Axes
  8269 | Orc:1    | Entered Level 1 of the Orcish Mines
  8285 | Orc:1    | Reached ***** piety under Makhleb
  8348 | Orc:1    | Reached XP level 13. HP: 82/121 MP: 7/7
  8379 | Orc:1    | Found Akhlylao's Armour Boutique.
  8393 | Orc:1    | Found a roughly hewn altar of Beogh.
  8463 | Orc:1    | Reached skill level 1 in Evocations
  8523 | Orc:2    | Entered Level 2 of the Orcish Mines
  8600 | Orc:2    | Found a staircase to the Elven Halls.
  8751 | Orc:2    | Found Nuust's Antique Weapon Shoppe.
  8832 | Orc:2    | Noticed Urug
  8843 | Orc:2    | Killed Urug
  8871 | Orc:2    | Reached skill level 10 in Invocations
  8883 | Orc:2    | Reached skill level 15 in Axes
  8885 | Orc:2    | Reached skill level 5 in Evocations
  8887 | Orc:2    | Reached ****** piety under Makhleb
  8921 | Orc:2    | Found Goalal's Distillery.
  8931 | Orc:2    | Found Ymotzita's Jewellery Boutique.
  8932 | Orc:2    | Found Horuufe's Assorted Antiques.
  8932 | Orc:2    | Found Fedwuh's Antique Weapon Emporium.
  8959 | Orc:2    | Bought a crude broad axe for 225 gold pieces
  8959 | Orc:2    | Identified the +7 broad axe of Diet Blood {vorpal, rC+
                  | Str+7 Int-3 SInv} (You bought it in a shop on level 2 of
                  | the Orcish Mines)
  8961 | Orc:2    | Bought an uncursed ring of poison resistance for 220 gold
                  | pieces
  9157 | Orc:1    | Bought the +4 chain mail of Ciowkie {rElec} for 539 gold
                  | pieces
  9267 | Lair:1   | Entered Level 1 of the Lair of Beasts
  9320 | Lair:1   | Noticed Sonja
  9323 | Lair:1   | Noticed Sonja
  9323 | Lair:1   | Sonja changed into Sonja the basilisk
  9326 | Lair:1   | Killed Sonja the basilisk
  9348 | Lair:2   | Reached skill level 10 in Fighting
  9354 | Lair:2   | Gained mutation: You resist negative energy. (rN+) [Deep
                  | Dwarf growth]
  9354 | Lair:2   | Reached XP level 14. HP: 130/132 MP: 9/9
  9368 | Lair:2   | You fall into a shaft and drop 1 floor!
  9516 | Lair:3   | Found a staircase to the Shoals.
 10339 | Lair:2   | Found a hole to the Spider Nest.
 11020 | D:14     | Noticed Azrael
 11045 | D:14     | Killed Azrael
 11135 | D:15     | Entered Level 15 of the Dungeon
 11145 | D:15     | Found a gate leading to a gauntlet.
 11150 | Gauntlet | Entered a Gauntlet
 11150 | Gauntlet | Found a transporter.
 11150 | Gauntlet | Found a transporter.
 11167 | Gauntlet | Found a transporter.
 11167 | Gauntlet | Found a transporter.
 11196 | Gauntlet | Found a transporter.
 11221 | Gauntlet | Found a transporter.
 11226 | Gauntlet | Noticed an entropy weaver
 11228 | Gauntlet | Found a transporter.
 11228 | Gauntlet | Found a transporter.
 11258 | Gauntlet | Found a transporter.
 11260 | Gauntlet | Found a transporter.
 11264 | Gauntlet | Got a distressingly furry helmet
 11274 | Gauntlet | Identified the +2 helmet "Ihoox" {Int+4} (You found it in a
                  | Gauntlet)
 11325 | Gauntlet | Identified the Disquisition on the Rocks and the Entourage
 11408 | D:15     | Found a staircase to the Depths.
 11408 | D:15     | Noticed a fire giant
 11441 | D:15     | Reached skill level 16 in Axes
 11450 | D:15     | Killed a fire giant
 11992 | Spider:1 | Entered Level 1 of the Spider Nest
 11992 | Spider:1 | Noticed an entropy weaver
 11998 | Spider:1 | Reached XP level 15. HP: 140/140 MP: 9/9
 12036 | Spider:1 | Noticed a ghost moth
 12063 | Lair:2   | Killed a ghost moth
 12530 | Spider:2 | Found the +10 zealot's sword {holy, *Rage rN+ EV+3}
 12545 | Spider:2 | Reached skill level 10 in Dodging
 12680 | Spider:3 | Reached skill level 10 in Shields
 12717 | Spider:4 | Entered Level 4 of the Spider Nest
 12742 | Spider:4 | Found a frozen archway.
 12746 | IceCv    | Entered an ice cave
 12801 | Spider:4 | Reached skill level 17 in Axes
 12921 | Spider:4 | Noticed a ghost moth
 12937 | Spider:4 | Killed a ghost moth
 12938 | Spider:4 | Reached XP level 16. HP: 150/150 MP: 0/11
 13026 | Spider:4 | Got a gossamer rune of Zot
 13478 | Shoals:1 | Entered Level 1 of the Shoals
 13521 | Shoals:2 | Noticed Polyphemus
 13532 | Shoals:2 | Reached skill level 10 in Evocations
 13537 | Shoals:2 | Killed Polyphemus
 13623 | Shoals:2 | Noticed Frances
 13623 | Shoals:2 | Noticed Donald
 13635 | Shoals:2 | Killed Frances
 13641 | Shoals:2 | Killed Donald
 13750 | Shoals:3 | Noticed Ilsuiw
 13763 | Shoals:3 | Killed Ilsuiw
 13902 | Shoals:3 | Reached skill level 18 in Axes
 13912 | Shoals:4 | Entered Level 4 of the Shoals
 14029 | Shoals:4 | Found Werchunann's General Store.
 14038 | Shoals:4 | Bought 2 potions of cancellation for 176 gold pieces
 14042 | Shoals:4 | Noticed a kraken
 14052 | Shoals:4 | Killed a kraken
 14125 | Shoals:4 | Noticed Aizul
 14137 | Shoals:4 | Killed Aizul
 14233 | Shoals:4 | Noticed a kraken
 14247 | Shoals:4 | Reached XP level 17. HP: 159/159 MP: 12/12
 14254 | Shoals:4 | Killed a kraken
 14294 | Shoals:4 | Got a barnacled rune of Zot
 14697 | D:9      | Gained mutation: You occasionally shout uncontrollably at
                  | your foes. [mutagenic glow]
 14873 | D:9      | Cast into level 3 of the Abyss (unwielding a weapon of
                  | distortion)
 14978 | Abyss:4  | Noticed a lich
 14988 | Abyss:4  | Killed a lich
 15326 | Abyss:4  | Found a corrupted altar of Lugonu.
 15503 | Abyss:4  | Found a corrupted altar of Lugonu.
 15711 | Abyss:4  | Noticed a bone dragon
 15723 | Abyss:4  | Killed a bone dragon
 15737 | Abyss:5  | Entered Level 5 of the Abyss
 15806 | Abyss:5  | Noticed a deep elf blademaster
 15826 | Abyss:5  | Killed a deep elf blademaster
 15837 | Abyss:5  | Gained mutation: You passively map a large area around you.
                  | [Deep Dwarf growth]
 15837 | Abyss:5  | Reached XP level 18. HP: 90/153 MP: 6/6
 15841 | Abyss:5  | Reached skill level 15 in Invocations
 15943 | Abyss:5  | Got an abyssal rune of Zot
 15956 | D:9      | Escaped the Abyss
 16160 | Depths:1 | Entered Level 1 of the Depths
 16232 | Depths:1 | Noticed an ancient lich
 16253 | Depths:1 | Noticed an Ice Fiend
 16256 | Depths:1 | Killed an ancient lich
 16256 | Depths:1 | Reached skill level 15 in Armour
 16444 | Depths:2 | Reached XP level 19. HP: 183/183 MP: 12/14
 16506 | Depths:2 | You fall into a shaft and drop 2 floors!
 16506 | Depths:4 | Found a stormy altar of Qazlal.
 16562 | Depths:4 | Found a flickering gateway to a bazaar.
 16612 | Bazaar   | Entered a bazaar
 16612 | Bazaar   | Found Uniddy's Gadget Boutique.
 16629 | Bazaar   | Found Fenolacw's Gadget Shop.
 16637 | Bazaar   | Found Etowkan's Antique Armour Shoppe.
 16645 | Bazaar   | Found Oschor's Magic Scroll Shop.
 16653 | Bazaar   | Bought a scroll of blinking for 105 gold pieces
 16653 | Bazaar   | Bought a scroll of teleportation for 42 gold pieces
 16653 | Bazaar   | Bought a scroll of teleportation for 42 gold pieces
 16653 | Bazaar   | Bought a scroll of magic mapping for 49 gold pieces
 16690 | Depths:4 | Found a gateway to Hell.
 16729 | Depths:4 | You fall into a shaft and drop 1 floor!
 16729 | Depths:5 | Entered Level 5 of the Depths
 16729 | Depths:5 | Found Ynadiyso's Antique Armour Boutique.
 16757 | Depths:5 | Quit the game

Illustrated notes

Levels and vault maps discovered:
D:1:      lightli_arrival_windingriver, layout_basic
D:2:      layout_basic
D:3:      layout_loops_ring, nicolae_tso_swordbearing_angel,
          nicolae_dithmenos_shadow_blocks, glass_columns_a
D:4:      layout_basic, nemelex_xobeh_ov_fountains_minmay
D:5:      layout_rooms, nicolae_ossuary_entry_catacombs, feat_on_display,
          uniq_sigmund
D:6:      layout_basic, grunt_qazlal_sundering, uniq_pikel
D:7:      layout_basic, elyvilon_altar_3, minmay_temple_entry_ruins,
          hex_intersection, hex_large, xom_teletrap_fun
D:8:      layout_layer_cave, uniq_harold
D:9:      cheibrodos_shockbox, layout_stronghold, hangedman_decor_push,
          uniq_grum
D:10:     layout_small_grid, centaur_isle
D:11:     layout_basic, erik_lair_orcish_takeover, serial_shops, shop,
          ploomutoo_gammafunk_ghost_potion_laboratory
D:12:     minmay_the_grid_triangle_9x9_recursive_3
          [minmay_the_grid_triangle_9x9_odd_lines,
          minmay_the_grid_triangle_9x9_limited_checkers,
          minmay_the_grid_triangle_9x9_steps,
          minmay_the_grid_triangle_9x9_prize_insulated,
          minmay_the_grid_triangle_9x9_cache,
          minmay_the_grid_triangle_9x9_impossible_snake,
          minmay_the_grid_triangle_9x9_descending_squares,
          minmay_the_grid_triangle_9x9_swiss_cheese,
          minmay_the_grid_triangle_9x9_flanged_cone], layout_grid_maze,
          orc_0_dummy, minmay_misc_feat_ornament, fedhas_bush_and_centaur_altar
D:13:     layout_gridville, david_vaults_1, tgw_lugonu_bribe, uniq_urug
D:14:     layout_cave_pools, minmay_misc_feat_enclosed, grunt_ministairs_11,
          uniq_azrael, uniq_roxanne
D:15:     grunt_enter_depths_giant_problem, layout_rooms,
          minmay_misc_feat_doors, gauntlet_entry_generic
Temple:   minmay_crystal_spiral_temple
Lair:1:   layout_long_grid, uniq_sonja
Lair:2:   layout_roguey, dummy_spider_entry
Lair:3:   layout_loops_ring, minmay_shoals_entry_centaurs, serial_bayou_shore_a
Shoals:1: layout_shoals
Shoals:2: layout_shoals, uniq_frances, uniq_polyphemus, uniq_donald
Shoals:3: layout_shoals, nicolae_shoals_water_elemental_grotto, uniq_ilsuiw
Shoals:4: shoals_end_hangedman, layout_shoals, serial_shops, shop,
          nicolae_shoals_kraken_intersection, uniq_aizul
Spider:1: layout_spider_delve, drop_trap, nicolae_spider_webs_and_nodes
Spider:2: layout_spider_delve
Spider:3: layout_spider_delve
Spider:4: spider_rune_water, portal_ice_cave_entry_pillars_1, hive_lemuel,
          nicolae_spider_cling_ruins
Orc:1:    layout_diamond_mine, serial_shops, shop, basic_altar, mines5_lemuel
Orc:2:    st_orc_ogre_mass, layout_caves, serial_shops, shop, sword_in_stone
Depths:1: layout_small_grid, minmay_fountain_box, special_room
          [special_room_morgue], pf_hell_entry_great_geh, grunt_ministairs_1,
          abandoned_shop, ice2_lemuel, roderic_lattice_octagonal_star
Depths:2: hourglass_vault, layout_gridville, pf_coc_iceberg,
          serial_bayou_ford_a, uniq_saint_roka
Depths:4: minmay_sliced_demisemicircle, layout_long_grid, serial_shops,
          bzr_entry_safe, lemuel_round_altar, abyss_entry, hell_entry,
          infiniplex_staircase_star
Depths:5: hangedman_spin_cycle, hell_entry, uniq_xtahua

Skill      XL: |  1  2  3  4  5  6  7  8  9 10 11 12 13 14 15 16 17 18 |
---------------+-------------------------------------------------------+-----
Axes           | 3 4 5 6 8 10 11 12 14 15 16 17 18 | 18.0
Fighting       | 3 4 5 6 7 8 9 10 11 13 14 | 14.9
Armour         | 4 5 6 7 8 9 10 11 12 13 14 15 | 15.5
Shields        | 4 5 6 7 8 9 10 11 12 13 | 13.6
Invocations    | 2 5 7 9 10 11 12 13 14 16 | 16.2
Dodging        | 2 5 6 8 9 10 11 12 13 | 13.7
Evocations     | 5 7 9 10 | 10.0

Action                   |  1- 3 |  4- 6 |  7- 9 | 10-12 | 13-15 | 16-18 | 19-21 || total
-------------------------+-------+-------+-------+-------+-------+-------+-------++-------
Melee: War axe           |    88 |   107 |   429 |    55 |       |       |       ||   679
       Unarmed           |       |       |    21 |       |       |       |       ||    21
       Executioner's axe |       |       |       |   336 |   115 |       |       ||   451
       Broad axe         |       |       |       |       |   668 |  1089 |   112 ||  1869
Invok: Lesser Servant of |       |       |       |       |     5 |    11 |       ||    16
 Abil: Heal Wounds       |     1 |     6 |    12 |    18 |     4 |    27 |       ||    68
Evoke: Wand              |       |       |       |       |     1 |     2 |       ||     3
       Condenser vane    |       |       |       |       |       |     6 |       ||     6
       Box of beasts     |       |       |       |       |       |     3 |       ||     3
  Use: Scroll            |       |       |    13 |    17 |     5 |    11 |       ||    46
       Potion            |       |       |       |       |     4 |     1 |       ||     5
 Stab: Distracted        |       |       |       |       |     1 |     3 |       ||     4
Armor: Scale mail        |    36 |    43 |       |       |       |       |       ||    79
       Plate armour      |       |     7 |   264 |   344 |    57 |       |       ||   672
       Skin              |       |       |     1 |       |       |       |       ||     1
       Chain mail        |       |       |       |       |   375 |   500 |    27 ||   902
Dodge: Dodged            |    38 |    90 |   196 |   342 |   680 |   826 |    37 ||  2209
Block: Kite shield       |    38 |   103 |   301 |    42 |   557 |   935 |    55 ||  2031

Table legend: (Time is in decaauts)
 A = Elapsed time spent in this place.
 B = Non-inter-level travel time spent in this place.
 C = Inter-level travel time spent in this place.
 D = Time resting spent in this place.
 E = Time spent auto-exploring this place.
 F = Levels seen in this place.
 G = Mean time per level.
                   A        B        C        D        E       F      G
               +--------+--------+--------+--------+--------+-----+--------+
         Total |  16854 |  15022 |   1832 |    288 |   9207 |  40 |  421.4 |
       Dungeon |   9723 |   8538 |   1185 |    190 |   5827 |  15 |  648.2 |
        Temple |     51 |     27 |     24 |      0 |     24 |   1 |   51.0 |
          Lair |   1929 |   1692 |    237 |     94 |   1411 |   3 |  643.0 |
        Shoals |   1032 |    895 |    137 |      0 |    347 |   4 |  258.0 |
   Spider Nest |   1236 |   1096 |    140 |      4 |    335 |   4 |  309.0 |
  Orcish Mines |    979 |    875 |    104 |      0 |    582 |   2 |  489.5 |
        Depths |    447 |    444 |      3 |      0 |    121 |   4 |  111.8 |
         Abyss |    992 |    992 |      0 |      0 |    407 |   3 |  330.7 |
        Bazaar |     62 |     62 |      0 |      0 |     40 |   1 |   62.0 |
       Ossuary |    217 |    217 |      0 |      0 |    103 |   1 |  217.0 |
      Ice Cave |      3 |      3 |      0 |      0 |      0 |   1 |    3.0 |
      Gauntlet |    176 |    176 |      0 |      0 |      9 |   1 |  176.0 |
               +--------+--------+--------+--------+--------+-----+--------+

Top non-repeatable levels by time:
    D:12: 1403 daAuts
     D:9: 1124 daAuts
     D:8: 1106 daAuts
  Lair:2: 919 daAuts
  Lair:3: 868 daAuts
    D:11: 840 daAuts
     D:4: 811 daAuts
    D:10: 785 daAuts
 Abyss:4: 772 daAuts
     D:7: 676 daAuts
   Orc:2: 637 daAuts
     D:6: 604 daAuts
    D:15: 599 daAuts
     D:5: 572 daAuts
     D:3: 469 daAuts
